 Dungeon Crawl Stone Soup version 0.27-a0-1026-gbab068f60c (webtiles) character file.

Game seed: 16064045667939136581

4851 Morbidden the Thaumaturge (level 10, -1/70 HPs)
             Began as a Djinni Necromancer on Apr 18, 2021.
             Was a High Priest of Cheibriados.
             Splashed by an acid dragon's acid (15 damage)
             ... on level 9 of the Dungeon.
             The game lasted 00:15:20 (10186 turns).

Morbidden the Thaumaturge (Djinni Necromancer)     Turns: 10186, Time: 00:15:20

Health: -1/70      AC:  9    Str: 21    XL:     10   Next: 49%
Gold:   418        EV: 12    Int: 29    God:    Cheibriados [*****.] SH:  5 Dex: 29

rFire    + + .     SeeInvis .   a - +1 short sword (flame)
rCold    x . .     Faith    .   (no shield)
rNeg     . . .     Spirit   .   v - +0 scale mail of the Unbroken {rElec Dex+2}
rPois    ∞         Reflect  +   (no helmet)
rElec    +         Harm     .   i - +1 cloak
rCorr    .         Rampage  .   (no gloves)
Will     +....                  (boots unavailable)
Stlth    ++........             k - amulet of reflection
HPRegen  0.21/turn              (no ring)
MPRegen  0.00/turn              (no ring)

@: flying, studying Armour, very slow
A: fire resistance 2, cold vulnerability 1, float, innate caster, hp casting,
extra vitality 1
a: Renounce Religion, Bend Time, Temporal Distortion, Slouch, Step From Time


You were on level 9 of the Dungeon.
You worshipped Cheibriados.
Cheibriados was extremely pleased with you.
You visited 1 branch of the dungeon, and saw 9 of its levels.

You collected 419 gold pieces.
You spent 1 gold pieces at shops.

Inventory:

Hand Weapons
 a - a +1 short sword of flaming (weapon)
 c - a +1 long sword
 B - a -3 double sword
Missiles
 e - 2 throwing nets
 m - 55 sling bullets
 q - a curare-tipped dart
 u - 45 poisoned darts
 x - 2 boomerangs of dispersal
Armour
 f - a +0 chain mail
 i - a +1 cloak (worn)
 p - a +0 helmet
 v - the +0 scale mail of the Unbroken (worn) {rElec Dex+2}
   (You found it on level 5 of the Dungeon)

   It affects your dexterity (+2).
   It insulates you from electricity.
Jewellery
 k - an amulet of reflection (around neck)
Wands
 o - a wand of acid (14)
 s - a wand of charming (13)
 w - a wand of iceblast (18)
Scrolls
 g - 5 scrolls of identify
 h - 4 scrolls of enchant weapon
 l - a scroll of enchant armour
Potions
 b - 2 potions of haste
 d - 3 potions of lignification {unknown}
 j - a potion of attraction {unknown}
 n - a potion of magic {unknown}
 t - 2 potions of degeneration {unknown}
 z - a potion of curing {unknown}


   Skills:
 * Level 5.1 Fighting
 + Level 0.8 Short Blades
 + Level 5.0 Armour
 + Level 2.9 Dodging
 + Level 3.2 Stealth
 + Level 1.2 Shields
 + Level 0.1 Unarmed Combat
 * Level 10.6 Spellcasting
 * Level 4.3 Invocations


You had 6 spell levels left.
You knew the following spells:

 Your Spells              Type           Power      Damage    Failure   Level
a - Searing Ray           Conj           100%       3d7       1%          2
b - Vampiric Draining     Necr           33%        2d10      1%          3
c - Animate Skeleton      Necr           100%       N/A       1%          1
d - Animate Dead          Necr           33%        N/A       1%          4
e - Agony                 Necr           67%        N/A       3%          5
f - Freeze                Ice            100%       1d11      1%          1
g - Pain                  Necr           100%       1d9       1%          1
h - Ignite Poison         Fire/Tmut/Pois 67%        N/A       1%          3
i - Petrify               Tmut/Erth      67%        N/A       1%          4
Your spell library was empty.

Dungeon Overview and Level Annotations

Branches:
Dungeon (9/15)             Temple (0/1) D:4
   Lair: D:8-11         Orc: D:9-12

Altars:
Cheibriados
Elyvilon
Gozag
Hepliaklqana
Nemelex Xobeh
Qazlal
Ru
Uskayaw
Vehumet
Yredelemnul
Zin

Shops:
D:1 =   D:8 *

Annotations:
D:3 2 runed translucent doors, Bapho's ghost, amateur GrFi


Innate Abilities, Weirdness & Mutations

You are immune to poison.
Your flesh is very heat resistant. (rF++)
You are vulnerable to cold. (rC-)
You float through the air rather than walking.
You learn spells naturally, not from books.
Your magical power is your life essence.
You have superior vitality. (+4 HP)


Message History

The jackal barks!
The gnoll shouts! x2; You hear a bark! x2; You hear a shout!
You hear a bark!
You hear a shout!
The gnoll throws a boomerang.
The boomerang barely misses you.
A gnoll comes into view.
The gnoll throws a boomerang.
You reflect the boomerang off an invisible shield around you!
The boomerang hits the gnoll.
The gnoll shaman moves out of view.
Unknown command.
Casting: Vampiric Draining (safe; 1% risk of failure)
Confirm with . or Enter, or press ? or * to list all spells.
Aiming: Vampiric Draining (safe; 1% risk of failure)
Press: ? - help, Shift-Dir - straight line, f - wyvern
Aim: a wyvern You draw life force from the wyvern!
You feel life coursing into your body.
* * * LOW HITPOINT WARNING * * *
The wyvern closely misses you.
The wyvern bites you but does no damage.
Unknown command.
Unknown command.
Unknown command.
Casting: Vampiric Draining (safe; 1% risk of failure)
Confirm with . or Enter, or press ? or * to list all spells.
Aiming: Vampiric Draining (safe; 1% risk of failure)
Press: ? - help, Shift-Dir - straight line, f/p - wyvern
Aim: a wyvern (heavily wounded)
You draw life force from the wyvern!
You feel life coursing into your body.
Your surroundings suddenly seem different.
A death yak comes into view.
The death yak bellows!
A gnoll comes into view.
The gnoll shouts!
An acid dragon comes into view.
The acid dragon roars!
The hound barks!
You hear a shout!
A gnoll comes into view.
The gnoll shouts!
You hear a shout!
You hear a bellow!
You hear a shout! x2
The acid dragon spits acid at you. The splash of acid hits you!
* * * LOW HITPOINT WARNING * * *
You are splashed with acid!
You die...

.[..≈g..## #.
....≈....## #..
....≈$....##gg.
#..≈≈.g....h..
##..≈≈≈≈≈≈≈≈D≈
##.............
...........#
...<...@...#
........#..#
........# ....
......... ...#
Y........ ###
..........
...#......
.Y.#.......


You could see 2 death yaks, an acid dragon (catching breath), a hound and 4
gnolls.

Vanquished Creatures
  A two-headed ogre (D:9)
  A manticore (D:7)
  2 wyverns (D:8)
  2 steam dragons (D:6)
  Duvessa (D:4)
  2 orc warriors
  A sky beast (D:7)
  2 necrophages (D:7)
  3 black bears
  An ice beast (D:6)
  2 ogres
  A phantom (D:4)
  2 kobold brigands
  2 gnoll sergeants
  A bullfrog (D:7)
  Dowan (D:4)
  3 scorpions
  A water moccasin skeleton (D:6)
  9 wights (D:7)
  A vampire bat (D:3)
  2 howler monkeys (D:7)
  2 centaur zombies
  A bullfrog zombie (D:7)
  A bullfrog skeleton (D:7)
  5 hounds
  2 jellies (D:7)
  4 orc priests
  2 centaur skeletons (D:7)
  2 iguanas
  9 orc wizards
  A killer bee zombie (D:6)
  A mummy (D:7)
  8 gnolls
  5 adders
  A shadow imp (D:6)
  2 white imps (D:5)
  3 dart slugs
  38 orcs
  13 bats
  4 endoplasms
  A giant cockroach (D:1)
  5 goblins
  5 hobgoblins
  2 jackals (D:3)
  4 quokkas
  7 ball pythons
  3 frilled lizards
  16 kobolds
  7 rats
195 creatures vanquished.

Vanquished Creatures (others)
  56 plants (D:3)
  A withered plant (D:7)
57 creatures vanquished.

Grand Total: 252 creatures vanquished

Notes
Turn   | Place    | Note
-------+----------+-------------------------------------------
     0 | D:1      | Morbidden the Djinni Necromancer began the quest for the
                  | Orb.
     0 | D:1      | Reached XP level 1. HP: 15/15 MP: 0/0
   427 | D:1      | Reached XP level 2. HP: 13/22 MP: 0/0
   760 | D:1      | Reached skill level 4 in Spellcasting
  1035 | D:1      | Found Wivush's Jewellery Boutique.
  1828 | D:2      | Reached XP level 3. HP: 24/26 MP: 0/0
  1828 | D:2      | Learned a level 1 spell: Freeze
  2764 | D:3      | Found a faded altar of an unknown god.
  2819 | D:3      | Found a glowing silver altar of Zin.
  3103 | D:3      | Reached skill level 1 in Fighting
  3103 | D:3      | Reached XP level 4. HP: 29/32 MP: 0/0
  3227 | D:3      | Found a basalt altar of Yredelemnul.
  3253 | D:3      | Found a snail-covered altar of Cheibriados.
  3264 | D:3      | Reached skill level 5 in Spellcasting
  3268 | D:3      | Became a worshipper of Cheibriados the Contemplative
  3273 | D:3      | Reached XP level 5. HP: 21/37 MP: 0/0
  3273 | D:3      | Learned a level 2 spell: Searing Ray
  3858 | D:3      | Found a large runed translucent door.
  3859 | D:3      | Found a large runed translucent door.
  3861 | D:3      | Noticed Bapho's ghost (amateur GrFi)
  4025 | D:3      | Reached XP level 6. HP: 29/42 MP: 0/0
  4182 | D:3      | Found a sparkling altar of Nemelex Xobeh.
  4182 | D:3      | Found an opulent altar of Gozag.
  4382 | D:4      | Reached * piety under Cheibriados
  4575 | D:4      | Reached skill level 6 in Spellcasting
  4762 | D:4      | Found a white marble altar of Elyvilon.
  4827 | D:4      | Noticed Dowan
  4827 | D:4      | Noticed Duvessa
  4834 | D:4      | Killed Duvessa
  4835 | D:4      | Reached XP level 7. HP: 30/48 MP: 0/0
  4835 | D:4      | Learned a level 3 spell: Ignite Poison
  4839 | D:4      | Killed Dowan
  4840 | D:4      | Reached skill level 1 in Armour
  5004 | D:4      | Found a staircase to the Ecumenical Temple.
  5411 | D:5      | Entered Level 5 of the Dungeon
  5555 | D:5      | Reached skill level 7 in Spellcasting
  5557 | D:5      | Reached ** piety under Cheibriados
  5784 | D:5      | Reached skill level 1 in Invocations
  5863 | D:5      | Reached XP level 8. HP: 51/54 MP: 0/0
  5906 | D:5      | Identified the +0 scale mail of the Unbroken {rElec Dex+2}
  6340 | D:6      | Reached skill level 8 in Spellcasting
  6833 | D:6      | Reached XP level 9. HP: 59/60 MP: 0/0
  6833 | D:6      | Learned a level 4 spell: Petrify
  6876 | D:6      | Reached *** piety under Cheibriados
  7255 | D:6      | Found a stormy altar of Qazlal.
  7420 | D:7      | Reached skill level 9 in Spellcasting
  7897 | D:7      | Noticed a manticore
  8173 | D:7      | Identified a scroll of acquirement
  8173 | D:7      | Acquired a manual of Armour
  8299 | D:7      | Killed a manticore
  8299 | D:7      | Reached **** piety under Cheibriados
  8300 | D:7      | Reached skill level 1 in Shields
  8338 | D:7      | HP: 2/62 [gnoll/+0 club (3)]
  8416 | D:7      | Reached skill level 10 in Spellcasting
  8416 | D:7      | Reached XP level 10. HP: 48/68 MP: 0/0
  8629 | D:7      | Identified the +6 mace "Qoenite" {elec, Dex+3}
  8635 | D:7      | Identified the +0 hunting sling of Pride {vorpal, Will+}
  9165 | D:7      | Found a hide-covered altar of Uskayaw.
  9236 | D:8      | Reached ***** piety under Cheibriados
  9578 | D:8      | Found a sacrificial altar of Ru.
  9822 | D:8      | Found Viucit's Lightly-Used Armoury.
  9830 | D:8      | Bought a -3 double sword for 1 gold piece
  9856 | D:8      | Found a hazy altar of Hepliaklqana.
 10140 | D:9      | Noticed a two-headed ogre
 10145 | D:9      | Killed a two-headed ogre
 10153 | D:9      | Reached skill level 5 in Fighting
 10182 | D:9      | Reached skill level 5 in Armour
 10186 | D:9      | Noticed a death yak
 10186 | D:9      | Splashed by an acid dragon's acid

Illustrated notes

Levels and vault maps discovered:
D:1:      dpeg_arrival_solitude, layout_loops_cross, serial_shops,
          shop_fountains, chequers_serial_rivers_marsh
D:2:      layout_rooms, chequers_decorated_corner
D:3:      layout_loops_ring, marbit_many_paths, yredelemnul_altar_generic,
          general_overflow_altar, grunt_temple_overflow_opulence,
          ebering_ghost_disaster_area, ebering_ecumenical_altar_webs,
          roderic_batcave, amcnicky_mini_pool_small, serial_bayou_lagoon_a
D:4:      layout_loops_ring, elyvilon_altar_3, minmay_temple_entry_wispy,
          uniq_duvessa
D:5:      layout_loops_ring, lemuel_crystal_altar
D:6:      layout_rooms, lemuel_tele_altar, nrook_loot_triangle,
          serial_bayou_crossing
D:7:      layout_rooms, nicolae_overflow_hidden_temple, serial_undead,
          serial_undead_e, serial_undead_d, serial_undead_a, serial_undead_c,
          grunt_potential
D:8:      layout_loops_ring, nicolae_hepliaklqana_hippocampus,
          nicolae_ru_awakened_eye, minmay_shop_damaged
D:9:      layout_cave_pools, dpeg_lair_monsters, serial_gnoll_camp,
          gnoll_camp_huts_moat, gnoll_camp_mini_loothouse,
          gnoll_camp_mini_sergeant, gnoll_camp_mini_hut, gnoll_camp_mini_house,
          gnoll_camp_mini_house, enter_bailey_2, minmay_librarian, uniq_psyche,
          uniq_erica

Skill      XL: |  1  2  3  4  5  6  7  8  9 10 |
---------------+-------------------------------+-----
Spellcasting   | 4 5 6 7 8 10 | 10.6
Fighting       | 1 2 3 4 5 |  5.1
Stealth        | 2 3 |  3.2
Armour         | 1 3 4 5 |  5.0
Invocations    | 1 2 3 4 |  4.3
Shields        | 1 |  1.2
Short Blades   | |  0.8
Dodging        | |  2.9
Unarmed Combat | |  0.1

Action                   |  1- 3 |  4- 6 |  7- 9 | 10-12 || total
-------------------------+-------+-------+-------+-------++-------
Melee: Unarmed           |     4 |       |       |       ||     4
       Short sword       |       |       |    10 |    27 ||    37
 Cast: Pain              |    73 |    18 |       |       ||    91
       Vampiric Draining |     2 |    21 |    55 |    51 ||   129
       Searing Ray       |       |    16 |    49 |     5 ||    70
  Use: Potion            |     3 |       |     2 |       ||     5
       Scroll            |       |       |    10 |     5 ||    15
Armor: Robe              |    13 |       |       |       ||    13
       Leather armour    |       |     1 |     2 |       ||     3
       Scale mail        |       |       |    41 |    32 ||    73
Dodge: Dodged            |    14 |    12 |    67 |    31 ||   124
Block: Other             |     7 |     5 |    40 |    19 ||    71
       Reflection        |       |     2 |       |     3 ||     5

Table legend: (Time is in decaauts)
 A = Elapsed time spent in this place.
 B = Non-inter-level travel time spent in this place.
 C = Inter-level travel time spent in this place.
 D = Time resting spent in this place.
 E = Time spent auto-exploring this place.
 F = Levels seen in this place.
 G = Mean time per level.
                   A        B        C        D        E       F      G
               +--------+--------+--------+--------+--------+-----+--------+
         Total |  12184 |  11819 |    365 |    559 |  10026 |   9 | 1353.8 |
       Dungeon |  12184 |  11819 |    365 |    559 |  10026 |   9 | 1353.8 |
               +--------+--------+--------+--------+--------+-----+--------+

Top non-repeatable levels by time:
     D:6: 1825 daAuts
     D:3: 1808 daAuts
     D:7: 1719 daAuts
     D:1: 1629 daAuts
     D:8: 1550 daAuts
     D:4: 1276 daAuts
     D:5: 1215 daAuts
     D:2: 1095 daAuts
     D:9: 65 daAuts
